Map: Lightshade LE

Players

SpeCial - Winner!

  • Race: Terran Terran
  • League: Master

DPGCure (Cure)

  • Race: Terran Terran
  • League: Master

Event: TSL 7

VOD

Have the link to the VOD?

Description

Time

  • Played on: June 12, 2021, 10:25 a.m.
  • Length: 5:12

All games in this series

Show
View Real Time Build Order
Export as new Build Order

SpeCial Terran - Winner!

Build Orders:  

Get SALT Encoding   

  12  0:00  SCV  
  13  0:12  SCV  
  14  0:17  Supply Depot  
  14  0:24  SCV  
  15  0:38  SCV  
  15  0:40  Barracks  
  16  0:43  Refinery  
  16  0:50  SCV  
  16  0:54  Refinery  
  17  1:03  SCV  
  18  1:15  SCV  
  19  1:27  Reaper, Orbital Command  
  19  1:29  Supply Depot  
  20  1:42  Factory  
  20  1:54  SCV  
  21  2:01  Barracks Reactor  
  21  2:06  SCV  
  22  2:18  SCV  
  22  2:22  Command Center  
  23  2:31  SCV  
  23  2:32  Starport  
  24  2:42  Hellion x2  
  28  2:48  Supply Depot  
  28  2:50  SCV  
  29  3:02  SCV  
  30  3:07  Barracks Tech Lab  
  30  3:10  Hellion x2  
  30  3:12  Medivac  
  36  3:16  SCV  
  37  3:23  Refinery  
  37  3:28  SCV  
  38  3:36  Orbital Command  
  38  3:38  Marine x2  
  40  3:41  Cyclone  
  40  3:44  Starport Tech Lab  
  42  3:56  Marine x2  
  44  4:02  Banshee  
  45  4:14  Marine x2  
  37  4:25  SCV x2  
  39  4:32  Marine x2  
  39  4:37  SCV  
  36  4:46  SCV  
  36  4:49  Marine x2  
  36  4:50  SCV  
  40  4:58  SCV  
Show
View Real Time Build Order
Export as new Build Order

DPGCure Terran 

Build Orders:  

Get SALT Encoding   

  12  0:00  SCV  
  13  0:12  SCV  
  14  0:16  Supply Depot  
  14  0:24  SCV  
  15  0:38  SCV  
  15  0:40  Barracks  
  15  0:42  Refinery  
  16  0:50  SCV  
  16  0:52  Refinery  
  17  1:02  SCV  
  18  1:14  SCV  
  19  1:26  Reaper, Orbital Command  
  19  1:28  Supply Depot  
  20  1:41  Factory  
  20  1:52  SCV  
  21  1:58  Barracks Reactor  
  21  2:04  SCV  
  22  2:17  SCV  
  22  2:21  Command Center  
  23  2:28  Hellion  
  23  2:29  SCV  
  26  2:35  Reaper x2  
  28  2:40  Supply Depot  
  28  2:42  SCV  
  29  2:49  Hellion  
  31  2:59  Starport  
  31  3:01  SCV  
  32  3:07  Reaper x2  
  32  3:12  Hellion  
  36  3:14  SCV  
  37  3:20  Refinery  
  37  3:26  SCV  
  38  3:33  Orbital Command  
  38  3:35  Factory Tech Lab, Starport Tech Lab  
  38  3:38  SCV  
  38  3:40  Marine  
  38  3:41  Marine  
  41  3:50  SCV  
  41  3:52  Supply Depot  
  41  3:55  Cyclone  
  45  3:58  Marine  
  42  4:08  Viking  
  39  4:17  Marine x2  
  28  4:24  SCV  
  24  4:34  SCV  
  21  4:52  SCV  
  22  4:55  SCV  
Tags
 
Add a new tag
Caveats
  • Supply blocks, unpowered buildings, or Contaminate may cause inaccurate times.
  • Supply counts are checked every 10 seconds.